 Dungeon Crawl Stone Soup version 0.31-a0-246-g8cbcc1cb85 (webtiles) character file.

Game seed: 16244293506867699143

0 innerfire43 the Trooper (level 1, 0/18 HPs)
             Began as a Demonspawn Monk on July 12, 2023.
             Slain by a kobold
             ... wielding a +0 short sword
              (4 damage)
             ... on level 1 of the Dungeon.
             The game lasted 00:00:05 (23 turns).

innerfire43 the Trooper (Demonspawn Monk)             Turns: 23, Time: 00:00:06

Health: 0/18       AC:  2    Str: 11    XL:     1   Next: 8%
Magic:  1/1        EV: 13    Int: 11    God:
Gold:   0          SH:  0    Dex: 15    Spells: 0/0 levels left

rFire   . . .        a - +0 hand axe
rCold   . . .        d - orb {light}
rNeg    . . .        b - +0 robe
rPois   .            (no helmet)
rElec   .            (no cloak)
rCorr   .            (no gloves)
SInv    .            (no boots)
Will    .....        (no amulet)
Stlth   +            (no ring)
HPRegen 0.23/turn    (no ring)
MPRegen 0.07/turn

%: no passive effects
@: glowing
A: no striking features
a: no special abilities


You were on level 1 of the Dungeon.
You visited 1 branch of the dungeon, and saw 1 of its levels.

Inventory:

Hand Weapons
 a - a +0 hand axe (weapon)
Armour
 b - a +0 robe (worn)
 d - an orb of light (worn)
Potions
 c - a potion of ambrosia


   Skills:
 + Level 3.0 Fighting
 * Level 2.7 Axes
 + Level 2.7 Dodging


You couldn't memorise any spells.
You didn't know any spells.
Your spell library was empty.

Dungeon Overview and Level Annotations

Branches:
Dungeon (1/15)

Altars:


Message History

A rat comes into view.
The kobold moves out of view.
There are monsters nearby!
A hobgoblin comes into view.
The hobgoblin shouts!
A bat comes into view.
The hobgoblin moves out of view.
There are monsters nearby!
You barely miss the rat. The rat closely misses you.
There are monsters nearby!
You hit the kobold but do no damage. You hit the rat but do no damage.
The rat misses you.
The kobold hits you with a +0 short sword.
The bat hits you but does no damage.
You closely miss the kobold. You hit the rat.
You kill the rat!
You hit the bat. The bat barely misses you.
The kobold hits you with a +0 short sword.
There are monsters nearby!
You closely miss the kobold. The bat hits you. The kobold closely misses you.
The bat completely misses you.
You completely miss the bat.
The bat is moderately wounded.
You hit the kobold but do no damage. The bat barely misses you.
The kobold completely misses you.
The kobold hits you with a +0 short sword.
The hobgoblin barely misses you. The bat barely misses you.
You are too injured to fight recklessly!
You are too injured to fight recklessly!
You barely miss the bat.
The bat is moderately wounded.
You barely miss the kobold. You hit the hobgoblin.
The bat hits you but does no damage. The bat closely misses you.
The kobold hits you with a +0 short sword.
* * * LOW HITPOINT WARNING * * *
The hobgoblin hits you.
* * * LOW HITPOINT WARNING * * *
The kobold attacks as you move away!
The kobold hits you with a +0 short sword.
You die...

# # ..... #..
...... #.#.
#...... . ...
#.....
...#.####...
#.#......#####
#...K.gb......
#..@...#
#..##..#
#..##..#
##....##
#...## #...#
#...###
#.....###
###..รท..#


You could see a hobgoblin, a bat and a kobold.

Vanquished Creatures
  A rat (D:1)
1 creature vanquished.

Notes
Turn   | Place    | Note
-------+----------+-------------------------------------------
     0 | D:1      | innerfire43 the Demonspawn Monk began the quest for the
                  | Orb.
     0 | D:1      | Reached XP level 1. HP: 18/18 MP: 1/1
    23 | D:1      | Slain by a kobold

Illustrated notes

Levels and vault maps discovered:
D:1:      amcnicky_arrival_wind_blow, layout_basic, serial_shops, shop, shop,
          shop, nicolae_shop_rolled_up, shop

Action                     || total
---------------------------++-------
  Melee: Hand axe          ||     6
 Armour: Robe              ||     2
  Dodge: Dodged            ||    10

Table legend: (Time is in decaauts)
 A = Elapsed time spent in this place.
 B = Non-inter-level travel time spent in this place.
 C = Inter-level travel time spent in this place.
 D = Time resting spent in this place.
 E = Time spent auto-exploring this place.
 F = Levels seen in this place.
 G = Mean time per level.
                   A        B        C        D        E       F      G
               +--------+--------+--------+--------+--------+-----+--------+
         Total |     24 |     24 |      0 |      0 |     14 |   1 |   24.0 |
       Dungeon |     24 |     24 |      0 |      0 |     14 |   1 |   24.0 |
               +--------+--------+--------+--------+--------+-----+--------+

Top non-repeatable levels by time:
     D:1: 24 daAuts
